 Dungeon Crawl Stone Soup version 0.30-b1-2-g02819fbbbe (webtiles) character file.

Game seed: 3672011103738009371

202 asdfasdf the Chopper (level 5, 0/47 HPs)
             Began as a Hill Orc Fighter on May 3, 2023.
             Engulfed by a cloud of flame (15 damage)
             ... on level 2 of the Dungeon.
             The game lasted 00:05:40 (1709 turns).

asdfasdf the Chopper (Hill Orc Fighter)             Turns: 1709, Time: 00:05:41

Health: 0/47       AC: 13    Str: 20 (21) XL:     5   Next: 80%
Magic:  5/5        EV:  8    Int:  7 (8)  God:
Gold:   84         SH:  4    Dex:  9 (12) Spells: 4/4 levels left

rFire   . . .        a - +0 war axe
rCold   . . .        c - +0 buckler
rNeg    . . .        r - +0 chain mail
rPois   .            (no helmet)
rElec   .            (no cloak)
rCorr   .            j - +0 pair of gloves
SInv    .            n - +0 pair of boots
Will    .....        (no amulet) Stlth
                     (no ring)
HPRegen 0.27/turn    (no ring)
MPRegen 0.09/turn

%: no passive effects
@: no status effects
A: iridescent scales 1, thin skeletal structure 1, teleportitis 1, subdued magic
1
a: no special abilities


You were on level 2 of the Dungeon.
You visited 1 branch of the dungeon, and saw 2 of its levels.

You collected 84 gold pieces.

Inventory:

Hand Weapons
 a - a +0 war axe (weapon)
Armour
 c - a +0 buckler (worn)
 j - a +0 pair of gloves (worn)
 n - a +0 pair of boots (worn)
 r - a +0 chain mail (worn)
Scrolls
 e - 4 scrolls of identify {unknown}
 l - 2 scrolls of silence {unknown}
 o - a scroll of noise {unknown}
 p - a scroll of immolation {unknown}
Potions
 b - a potion of magic
 g - a potion of mutation
 h - a potion of flight
 k - a potion of curing
 q - 3 potions of degeneration


   Skills:
 + Level 4.5 Fighting
 + Level 5.6 Axes
 + Level 4.0 Armour
 + Level 0.8 Dodging
 + Level 0.1 Stealth
 + Level 3.8 Shields


You had 4 spell levels left.
You didn't know any spells.
Your spell library contained the following spells:

 Spells                   Type           Power      Damage    Failure   Level
 Freeze                   Ice            0%         1d3       99%         1
 Frozen Ramparts          Ice            0%         1d1       100%        3
 Hailstorm                Conj/Ice       0%         3d3       100%        3


Dungeon Overview and Level Annotations

Branches:
Dungeon (2/15)

Altars:
Elyvilon

Shops:
D:2 *!*?


Innate Abilities, Weirdness & Mutations

You are partially covered in iridescent scales. (AC +2)
You have a somewhat thin skeletal structure. (Dex +2, Stealth+)
You are occasionally teleported next to monsters.
Your spells are a little easier to cast, but a little less powerful.


Message History

You kill the ball python!
The ball python skeleton bites you. The ball python skeleton grabs you.
The ball python skeleton constricts you.
You slash the ball python skeleton!
You destroy the ball python skeleton!
You now have 33 gold pieces (gained 7).
Found a sling.
There is a stone staircase leading down here.
b - a potion of magic You open the door.
There is an open door here.
There is an open door here.
There is a stone staircase leading down here.
Really walk into a travel-excluded area?
Uppercase [Y]es or [N]o only, please.
Really walk into a travel-excluded area? [Y]es or [N]o only, please.
Really walk into a travel-excluded area?
Uppercase [Y]es or [N]o only, please.
Really walk into a travel-excluded area? [Y]es or [N]o only, please.
Really walk into a travel-excluded area?
Uppercase [Y]es or [N]o only, please.
Really walk into a travel-excluded area? [Y]es or [N]o only, please.
Really walk into a travel-excluded area?
You are engulfed in blazing flames.
You are engulfed in blazing flames.
You are engulfed in blazing flames.
You now have 45 gold pieces (gained 12).
You now have 53 gold pieces (gained 8).
You now have 67 gold pieces (gained 14).
You now have 79 gold pieces (gained 12).
You now have 84 gold pieces (gained 5).
Okay, then.
Really walk into a travel-excluded area?
You are engulfed in blazing flames.
* * * LOW HITPOINT WARNING * * *
You are engulfed in blazing flames.
You die...

#.. #.. #.. #..
######################>#
#.......................
#.#####...######........
#.# #°§§# #........ #.#
#@☼§# #........ #.#
#§☼☼# #........
#.#####...#########<##.#
#..☼☼§.....☼§°.####.##.#
#..○§☼.....§☼§...##.##.#
##.°°§.....☼°§.#.##'##.#
######...#####........#
#☼○☼# #........# #§☼○#
#.........


There were no monsters in sight!

Vanquished Creatures
  An ogre (D:2)
  Robin (D:2)
  3 gnolls (D:2)
  An adder (D:2)
  An adder skeleton (D:2)
  A dart slug (D:1)
  5 ball pythons
  10 endoplasms
  3 giant cockroaches (D:2)
  9 goblins
  5 hobgoblins
  2 jackals (D:1)
  3 kobolds (D:1)
  A quokka (D:1)
  A ball python skeleton (D:2)
  3 bats
  3 frilled lizards
  A giant cockroach zombie (D:2)
  6 rats
60 creatures vanquished.

Vanquished Creatures (others)
  A withered plant (D:2)
1 creature vanquished.

Grand Total: 61 creatures vanquished

Notes
Turn   | Place    | Note
-------+----------+-------------------------------------------
     0 | D:1      | asdfasdf the Hill Orc Fighter began the quest for the Orb.
     0 | D:1      | Reached XP level 1. HP: 19/19 MP: 1/1
   102 | D:1      | Reached XP level 2. HP: 27/27 MP: 2/2
   672 | D:1      | Reached XP level 3. HP: 33/33 MP: 3/3
   858 | D:1      | Reached skill level 3 in Axes
   900 | D:2      | Found Ifesoenn's Distillery.
   908 | D:2      | Found Ahet's Assorted Antiques.
   937 | D:2      | Noticed an ogre
   949 | D:2      | Killed an ogre
   950 | D:2      | Reached skill level 4 in Axes
   950 | D:2      | Reached XP level 4. HP: 7/41 MP: 4/4
  1119 | D:2      | Found a faded altar of an unknown god.
  1130 | D:2      | Reached XP level 5. HP: 46/47 MP: 5/5
  1170 | D:2      | Found Uli Cylasm's Magic Scroll Emporium.
  1268 | D:2      | Found a white marble altar of Elyvilon.
  1315 | D:2      | Reached skill level 5 in Axes
  1328 | D:2      | Gained mutation: You are occasionally teleported next to
                  | monsters. [potion of mutation]
  1328 | D:2      | Gained mutation: You have a somewhat thin skeletal
                  | structure. (Dex +2, Stealth+) [potion of mutation]
  1328 | D:2      | Gained mutation: Your spells are a little easier to cast,
                  | but a little less powerful. [potion of mutation]
  1328 | D:2      | Gained mutation: You are partially covered in iridescent
                  | scales. (AC +2) [potion of mutation]
  1434 | D:2      | Found Enwi's General Store.
  1438 | D:2      | Noticed Robin
  1454 | D:2      | Killed Robin
  1709 | D:2      | Engulfed by a cloud of flame

Illustrated notes

Levels and vault maps discovered:
D:1:      amcnicky_arrival_choice, layout_basic
D:2:      layout_basic, serial_undead, serial_undead_c, serial_undead_d,
          serial_undead_a, serial_undead_a, basic_altar,
          hellmonk_ecumenical_altar_crossroads, serial_shops,
          nicolae_shop_stone, nicolae_shop_back_alley_shop,
          nicolae_shop_hallway_stairs, shop, nicolae_shop_hallway_plus,
          lemuel_flame_loot_1, uniq_robin

Skill      XL: |  1  2  3  4  5 |
---------------+----------------+-----
Fighting       | 4 |  4.5
Axes           | 4 5 |  5.6
Armour         | 4 |  4.0
Dodging        | |  0.8
Stealth        | |  0.1
Shields        | |  3.8

Action                     |  1- 3 |  4- 6 || total
---------------------------+-------+-------++-------
  Melee: War axe           |    50 |    84 ||   134
    Use: Potion            |     1 |     9 ||    10
 Armour: Scale mail        |    17 |    10 ||    27
         Chain mail        |       |    35 ||    35
  Dodge: Dodged            |    24 |    35 ||    59
  Block: Buckler           |    15 |    19 ||    34
